 Dungeon Crawl Stone Soup version 0.27-a0-1232-gc6a4cbde82 (webtiles) character file.

Game seed: 444856066527300759

569 hatdisgam the Charlatan (level 7, -9/78 HPs)
             Began as a Gnoll Wanderer on June 8, 2021.
             Was a Follower of Cheibriados.
             Mangled by a wraith (11 damage)
             ... in an ossuary.
             The game lasted 00:07:30 (4359 turns).

hatdisgam the Charlatan (Gnoll Wanderer)            Turns: 4359, Time: 00:07:31

Health: -9/78      AC: 14    Str: 13    XL:     7   Next: 33%
Magic:  12/12      EV:  7    Int: 15    God:    Cheibriados [*.....]
Gold:   155        SH:  5    Dex: 17    Spells: 13/13 levels left

rFire    . . .     SeeInvis .   q - +2 club (spect)
rCold    + . .     Faith    .   (no shield)
rNeg     . . .     Spirit   .   m - +0 chain mail
rPois    .         Reflect  +   g - +0 helmet
rElec    .         Harm     .   A - +1 cloak {Will+}
rCorr    .         Rampage  .   H - +0 pair of gloves
Will     +....                  (no boots)
Stlth    ..........             z - amulet of reflection
HPRegen  0.23/turn              p - ring of flight
MPRegen  0.13/turn              t - ring of protection from cold

@: berserking (expiring), flying, slowed, very slow
A: fangs 1, strong nose, distributed training
a: Renounce Religion, Bend Time


You were in an ossuary.
You worshipped Cheibriados.
Cheibriados was aware of your devotion.
You visited 2 branches of the dungeon, and saw 6 of its levels.
You also visited: Ossuary.

You collected 155 gold pieces.

Inventory:

Hand Weapons
 a - a +2 shortbow
 b - a +0 mace
 j - a +0 short sword
 q - a +2 spectral club (weapon)
 r - a +1 dagger of freezing
Missiles
 h - 28 bolts
 i - 64 arrows
 k - 39 sling bullets
 l - 97 stones (quivered)
 v - 4 atropa-tipped darts
 C - 8 boomerangs
 F - 4 poisoned darts
Armour
 c - a +0 ring mail
 g - a +0 helmet (worn)
 m - a +0 chain mail (worn)
 A - a +1 cloak of willpower (worn)
 H - a +0 pair of gloves (worn)
Jewellery
 p - a ring of flight (left hand)
 t - a ring of protection from cold (right hand)
 z - an amulet of reflection (around neck)
Wands
 o - a wand of polymorph (8)
Scrolls
 n - a scroll of holy word {unknown}
 s - 4 scrolls of identify {unknown}
 u - a scroll of teleportation {unknown}
 w - 2 scrolls of summoning {unknown}
 x - a scroll of noise {unknown}
 y - 3 scrolls of enchant weapon {unknown}
 B - a scroll of enchant armour {unknown}
 G - a scroll of torment {unknown}
 K - a scroll of silence {unknown}
Potions
 d - a potion of lignification
 e - a potion of berserk rage
 f - 2 potions of heal wounds {unknown}
 D - a potion of degeneration {unknown}
 E - a potion of brilliance {unknown}
 I - a potion of cancellation {unknown}
 J - a potion of attraction {unknown}


   Skills:
 + Level 3.6 Fighting
 + Level 2.4 Short Blades
 + Level 2.4 Long Blades
 + Level 2.4 Axes
 + Level 2.4 Maces & Flails
 + Level 2.4 Polearms
 + Level 2.4 Staves
 + Level 2.4 Slings
 + Level 5.2 Bows
 + Level 2.4 Crossbows
 + Level 2.4 Throwing
 + Level 5.2 Armour
 + Level 2.4 Dodging
 + Level 2.4 Stealth
 + Level 2.4 Shields
 + Level 2.4 Unarmed Combat
 + Level 3.7 Spellcasting
 + Level 2.0 Conjurations
 + Level 2.9 Hexes
 + Level 2.0 Summonings
 + Level 2.9 Necromancy
 + Level 2.0 Translocations
 + Level 2.0 Transmutations
 + Level 2.0 Fire Magic
 + Level 2.0 Ice Magic
 + Level 2.0 Air Magic
 + Level 2.0 Earth Magic
 + Level 2.0 Poison Magic
 + Level 2.7 Invocations
 + Level 5.2 Evocations


You had 13 spell levels left.
You didn't know any spells.
Your spell library contained the following spells:

 Spells                   Type           Power      Damage    Failure   Level
 Magic Dart               Conj           32%        1d4       90%         1
 Searing Ray              Conj           16%        3d3       97%         2
 Dazzling Flash           Conj/Hex       20%        N/A       99%         3
 Fulminant Prism          Conj/Hex       5%         3d7       100%        4
 Iskenderun's Mystic Bla  Conj/Tloc      8%         2d4       100%        4


Dungeon Overview and Level Annotations

Branches:
Dungeon (5/15)             Temple (1/1) D:4         Ossuary (1/1)

Altars:
Ashenzari
Cheibriados
Dithmenos
Elyvilon
Kikubaaqudgha
Makhleb
Nemelex Xobeh
Okawaru
Qazlal
Ru
Sif Muna
Trog
Vehumet
Wu Jian
Xom
Yredelemnul
The Shining One

Annotations:
D:1 Terence


Innate Abilities, Weirdness & Mutations

You have very sharp teeth.
Your uncanny sense of smell can sniff out nearby items.
Your experience applies equally to all skills.


Message History

The wraith is moderately damaged.
Your spectral weapon hits the wraith.
The wraith hits you! The wraith drains your vigour!
You feel as though you will be slow longer.
The wraith hits you.
You are too injured to fight recklessly!
Unknown command.
You block the wraith's attack. The wraith hits you.
The wraith barely misses you. You block the wraith's attack.
The wraith hits you but does no damage. The wraith hits you!
* * * LOW HITPOINT WARNING * * *
The wraith hits you!
* * * LOW HITPOINT WARNING * * *
The wraith drains your vigour!
You feel as though you will be slow longer.
Really quaff the potion of lignification?
Okay, then.
Unknown command.
It was a potion of berserk rage.
A red film seems to cover your vision as you go berserk!
Cheibriados protects you from inadvertent hurry.
You feel mighty!
The wraith hits you but does no damage. x2
You are too berserk!
You hit the wraith but do no damage.
The wraith is moderately damaged.
Your spectral weapon hits the wraith.
The wraith barely misses you.
You hit the wraith.
The wraith is heavily damaged.
Your spectral weapon hits the wraith.
The wraith misses your spectral weapon.
The wraith closely misses your spectral weapon.
You closely miss the wraith.
The wraith is heavily damaged.
Your spectral weapon hits the wraith.
The wraith hits you.
* * * LOW HITPOINT WARNING * * *
The wraith drains your vigour!
You feel as though you will be slow longer.
The wraith hits you!
You die...

#####+#####
##.........##
##...##'##...##
##...##...##...##
#.(W##.?!!.##...#
+..@#..???..#...+
#...##.?!?.##...#
##...##...##...##
. ##...#####...##
...##.........##
....#####'#####..
.................
.................
########'''######


You could see a wraith and a friendly +2 spectral club (summoned).

Vanquished Creatures
  An ice beast (D:5)
  A centaur (D:4)
  A wyvern zombie (D:5)
  A bullfrog skeleton (D:5)
  Crazy Yiuf (D:3)
  Jessica (D:2)
  An iguana (D:4)
  2 mummies
  2 hound skeletons
  4 gnolls (D:3)
  5 adders
  2 ufetubi
  A worm (D:2)
  3 dart slugs
  4 orcs
  5 endoplasms
  3 giant cockroaches
  4 goblins
  8 hobgoblins
  3 jackals (D:2)
  5 kobolds
  6 ball pythons
  4 bats
  4 frilled lizards
  4 gnoll skeletons (Ossuary)
  A kobold skeleton (Ossuary)
  8 orc skeletons (Ossuary)
  3 rats
88 creatures vanquished.

Vanquished Creatures (others)
  6 plants (D:2)
6 creatures vanquished.

Grand Total: 94 creatures vanquished

Notes
Turn   | Place    | Note
-------+----------+-------------------------------------------
     0 | D:1      | hatdisgam the Gnoll Wanderer began the quest for the Orb.
     0 | D:1      | hatdisgam set off with the following items: a +2 shortbow,
                  | 28 arrows, a +0 ring mail, a potion of lignification
     0 | D:1      | Reached XP level 1. HP: 17/17 MP: 4/4
   497 | D:1      | Reached XP level 2. HP: 23/23 MP: 5/5
   770 | D:2      | Noticed Terence
  1048 | D:2      | Reached XP level 3. HP: 28/28 MP: 7/7
  1113 | D:2      | Noticed Jessica
  1125 | D:2      | Killed Jessica
  1126 | D:2      | Reached skill level 1 in Short Blades
  1126 | D:2      | Reached skill level 1 in Long Blades
  1126 | D:2      | Reached skill level 1 in Axes
  1126 | D:2      | Reached skill level 1 in Maces & Flails
  1126 | D:2      | Reached skill level 1 in Polearms
  1126 | D:2      | Reached skill level 1 in Staves
  1126 | D:2      | Reached skill level 1 in Slings
  1126 | D:2      | Reached skill level 1 in Crossbows
  1126 | D:2      | Reached skill level 1 in Throwing
  1126 | D:2      | Reached skill level 1 in Dodging
  1126 | D:2      | Reached skill level 1 in Stealth
  1126 | D:2      | Reached skill level 1 in Shields
  1126 | D:2      | Reached skill level 1 in Unarmed Combat
  1126 | D:2      | Reached skill level 1 in Invocations
  1126 | D:2      | Reached XP level 4. HP: 33/34 MP: 8/8
  1375 | D:2      | Found a glowing golden altar of the Shining One.
  1909 | D:3      | Reached skill level 1 in Conjurations
  1909 | D:3      | Reached skill level 1 in Summonings
  1909 | D:3      | Reached skill level 1 in Translocations
  1909 | D:3      | Reached skill level 1 in Transmutations
  1909 | D:3      | Reached skill level 1 in Fire Magic
  1909 | D:3      | Reached skill level 1 in Ice Magic
  1909 | D:3      | Reached skill level 1 in Air Magic
  1909 | D:3      | Reached skill level 1 in Earth Magic
  1909 | D:3      | Reached skill level 1 in Poison Magic
  1936 | D:3      | Reached XP level 5. HP: 33/40 MP: 9/9
  2000 | D:3      | Found a faded altar of an unknown god.
  2090 | D:3      | Found a basalt altar of Yredelemnul.
  2367 | D:3      | Found a runed translucent door.
  2368 | D:3      | Noticed Crazy Yiuf
  2476 | D:3      | Killed Crazy Yiuf
  2663 | D:4      | Reached XP level 6. HP: 47/47 MP: 10/10
  2773 | D:4      | Found a staircase to the Ecumenical Temple.
  2785 | Temple   | Entered the Ecumenical Temple
  2981 | Temple   | Became a worshipper of Cheibriados the Contemplative
  3434 | D:4      | Found a shimmering blue altar of Sif Muna.
  3634 | D:4      | Reached skill level 5 in Bows
  3634 | D:4      | Reached skill level 5 in Armour
  3634 | D:4      | Reached skill level 5 in Evocations
  3758 | D:5      | Entered Level 5 of the Dungeon
  3933 | D:5      | Reached XP level 7. HP: 31/52 MP: 12/12
  4149 | D:5      | Found a sand-covered staircase.
  4161 | Ossuary  | Entered an ossuary
  4161 | Ossuary  | Noticed a wraith
  4161 | Ossuary  | Noticed a wraith
  4161 | Ossuary  | Noticed a wraith
  4226 | Ossuary  | Reached * piety under Cheibriados
  4314 | Ossuary  | Noticed a wraith
  4359 | Ossuary  | HP: 2/78 [wraith (4)]
  4359 | Ossuary  | Mangled by a wraith

Illustrated notes

Levels and vault maps discovered:
D:1:      onia_arrival_pentagram, layout_basic
D:2:      layout_loops_ring, basic_altar, serial_bayou_ford_a,
          kennysheep_small_spiral, uniq_jessica, uniq_terence
D:3:      layout_basic, overflow_temple_1_default,
          shapermc_ecumenical_altar_mp_vishouse, uniq_crazy_yiuf_cottage
D:4:      layout_basic, lemuel_blue_sif_altar,
          minmay_temple_entry_statues_pillars
D:5:      layout_loops_ring, gup_ossuary_entry_pyramid
Temple:   regret_index_temple_sphere_string
Ossuary:  ossuary_due_mausoleum

Skill      XL: |  1  2  3  4  5  6  7 |
---------------+----------------------+-----
Hexes          | 2 |  2.9
Necromancy     | 2 |  2.9
Short Blades   | 1 2 |  2.4
Long Blades    | 1 2 |  2.4
Axes           | 1 2 |  2.4
Maces & Flails | 1 2 |  2.4
Polearms       | 1 2 |  2.4
Staves         | 1 2 |  2.4
Slings         | 1 2 |  2.4
Crossbows      | 1 2 |  2.4
Throwing       | 1 2 |  2.4
Dodging        | 1 2 |  2.4
Stealth        | 1 2 |  2.4
Shields        | 1 2 |  2.4
Unarmed Combat | 1 2 |  2.4
Invocations    | 1 2 |  2.7
Spellcasting   | 3 |  3.7
Conjurations   | 1 2 |  2.0
Summonings     | 1 2 |  2.0
Translocations | 1 2 |  2.0
Transmutations | 1 2 |  2.0
Fire Magic     | 1 2 |  2.0
Ice Magic      | 1 2 |  2.0
Air Magic      | 1 2 |  2.0
Earth Magic    | 1 2 |  2.0
Poison Magic   | 1 2 |  2.0
Fighting       | 3 |  3.6
Bows           | 5 |  5.2
Armour         | 5 |  5.2
Evocations     | 5 |  5.2

Action                   |  1- 3 |  4- 6 |  7- 9 || total
-------------------------+-------+-------+-------++-------
Melee: Mace              |    47 |    10 |       ||    57
       Bite              |     5 |    11 |     8 ||    24
       Club              |       |   109 |    55 ||   164
       Punch             |       |     1 |     2 ||     3
 Fire: Shortbow          |    29 |       |       ||    29
  Use: Potion            |       |       |     1 ||     1
 Stab: Distracted        |       |     2 |     2 ||     4
Armor: Ring mail         |    17 |       |       ||    17
       Chain mail        |    18 |    93 |    43 ||   154
Dodge: Dodged            |    24 |    35 |    18 ||    77
Block: Other             |       |     6 |    18 ||    24

Table legend: (Time is in decaauts)
 A = Elapsed time spent in this place.
 B = Non-inter-level travel time spent in this place.
 C = Inter-level travel time spent in this place.
 D = Time resting spent in this place.
 E = Time spent auto-exploring this place.
 F = Levels seen in this place.
 G = Mean time per level.
                   A        B        C        D        E       F      G
               +--------+--------+--------+--------+--------+-----+--------+
         Total |   4678 |   4515 |    163 |      0 |   3718 |   7 |  668.3 |
       Dungeon |   4214 |   4131 |     83 |      0 |   3418 |   5 |  842.8 |
        Temple |    228 |    149 |     79 |      0 |    146 |   1 |  228.0 |
       Ossuary |    235 |    235 |      0 |      0 |    154 |   1 |  235.0 |
               +--------+--------+--------+--------+--------+-----+--------+

Top non-repeatable levels by time:
     D:4: 1162 daAuts
     D:3: 946 daAuts
     D:2: 891 daAuts
     D:1: 740 daAuts
     D:5: 472 daAuts
 Ossuary: 235 daAuts
  Temple: 228 daAuts
